AoeStats
← shminky

African Clearing

510513364Analyzed
2v2 RM · 2d ago on Oct 1, 2026· 27m 18s· 4 players
Game mode
Random Map
Map size
Medium (4 player)
Population
200
Speed
Normal
Resources
Standard
Victory
Conquest
Starting age
Dark Age
Ending age
Imperial Age
RankedLock teamsTeams togetherTeam positionsShared explorationLock speedFull tech treeHidden civsTurbo modeCheats
Victory
Defeat
🇹🇼 Koreans · Taiwan
996
+13
🇦🇺 Bulgarians · Australia
915
+15
🇦🇺 Bohemians · Australia
921
-14
🇦🇿 Japanese · Azerbaijan
918
-14
Bornvibe
13:42 Feudal Age
15:49 Wheelbarrow
15:02 Double-Bit Axe
15:34 Horse Collar
17:46 Loom
18:14 Scale Barding Armor
21:34 Castle Age
22:16 Forging
21:57 Fletching
22:15 Scale Barding Armor
22:14 Scale Mail Armor
22:40 Heavy Plow
22:58 Loom
24:50 Squires
25:54 Ballistics
26:41 Masonry
Vladika_astadb
12:08 Feudal Age
12:43 Feudal Age
13:13 Loom
14:19 Double-Bit Axe
21:31 Castle Age
19:49 Stone Mining
20:56 Man-at-Arms
21:49 Forging
25:15 Bow Saw
hejonathan111
13:40 Feudal Age
14:45 Loom
15:47 Town Watch
16:18 Fishing Lines
19:45 Castle Age
17:50 Arson
21:28 Gillnets
21:54 Forging
21:45 Scale Mail Armor
21:36 Fletching
26:16 Wheelbarrow
shminky
11:56 Loom
15:11 Feudal Age
24:09 Castle Age
23:11 Forging
23:06 Scale Barding Armor
24:10 Bloodlines
25:25 Husbandry
25:24 Double-Bit Axe
25:23 Horse Collar
25:20 Light Cavalry
26:54 Town Watch
Connection lost

Rejoining the realm…

Still unreachable

The connection could not be restored.

Session expired

The server has moved on; the page needs a fresh start.